 Dungeon Crawl Stone Soup version 0.31-a0-986-g5e6e4ef867 (webtiles) character file.

Game seed: 14020443161775681903

1512 wolfy7 the Chopper (level 8, -4/70 HPs)
             Began as a Hill Orc Fighter on Nov 8, 2023.
             Was a Follower of the Shining One.
             Killed by divine providence
             ... invoked by an orc priest
              (17 damage)
             ... on level 6 of the Dungeon.
             The game lasted 00:27:13 (6363 turns).

wolfy7 the Chopper (Hill Orc Fighter)               Turns: 6363, Time: 00:27:14

Health: -4/70      AC:  5    Str: 29    XL:     8   Next: 83%
Magic:  8/8        EV: 12    Int:  7    God:    the Shining One [*.....]
Gold:   250        SH:  5    Dex: 11    Spells: 7/7 levels left

rFire   . . .        a - +0 war axe
rCold   . . .        c - +0 buckler
rNeg    . . .        B - +2 leather armour {rPois}
rPois   +            (helmet restricted)
rElec   .            (no cloak)
rCorr   +            (no gloves)
SInv    .            (no boots)
Will    .....        (no amulet)
Stlth   +            o - +6 ring of strength
HPRegen 0.31/turn    u - ring of resist corrosion
MPRegen 0.11/turn

%: no passive effects
@: glowing
A: horns 1, strong 1, wild magic 1
a: Renounce Religion, Convert to Beogh, Divine Shield


You were on level 6 of the Dungeon.
You worshipped the Shining One.
The Shining One was aware of your devotion.
You visited 1 branch of the dungeon, and saw 6 of its levels.

You collected 308 gold pieces.
You spent 58 gold pieces at shops.

Inventory:

Hand Weapons
 a - a +0 war axe (weapon)
 A - the +7 Throatcutter {drain, coup de grace}
   (You found it on level 4 of the Dungeon)

   The Shining One disapproves of the use of such an item.
 D - a +2 hand axe of venom
Armour
 b - a +0 scale mail
 c - a +0 buckler (worn)
 B - a +2 leather armour of poison resistance (worn)
Magical Staves
 s - a staff of air
Jewellery
 j - an amulet of faith
 o - a +6 ring of strength (left hand)
 u - a ring of resist corrosion (right hand)
Talismans
 d - a flux talisman
 E - a serpent talisman
Wands
 n - a wand of acid (9)
Scrolls
 e - 2 scrolls of poison
 h - 2 scrolls of identify
 i - a scroll of fog {unknown}
 k - a scroll of immolation
 m - 3 scrolls of teleportation
 q - 2 scrolls of amnesia
 w - a scroll of enchant armour {unknown}
 y - a scroll of torment {unknown}
 C - a scroll of enchant weapon {unknown}
Potions
 f - a potion of heal wounds
 g - a potion of invisibility {unknown}
 l - a potion of magic {unknown}
 p - 2 potions of curing
 r - a potion of lignification {unknown}
 t - a potion of mutation
 v - a potion of berserk rage {unknown}
 x - 3 potions of brilliance {unknown}
 z - 2 potions of enlightenment {unknown}
 F - a potion of attraction {unknown}


   Skills:
 + Level 6.0 Fighting
 * Level 7.3 Axes
 - Level 5.1 Armour
 * Level 3.7 Dodging
 * Level 3.9 Stealth
 - Level 5.0 Shields
 + Level 0.9 Shapeshifting


You had 7 spell levels left.
You didn't know any spells.
Your spell library contained the following spells:

 Spells                   Type           Power      Damage    Failure   Level
 Summon Small Mammal      Summ           0%         N/A       61%         1
 Call Imp                 Summ           0%         N/A       73%         2
 Call Canine Familiar     Summ           0%         N/A       91%         3
 Summon Guardian Golem    Hex/Summ       0%         N/A       91%         3
 Plasma Beam              Fire/Air       0%         2x1d10    100%        6
 Orb of Destruction       Conj           0%         9d5       100%        7
 Spellforged Servitor     Conj/Summ      0%         N/A       100%        7
 Fire Storm               Conj/Fire      0%         5d1       100%        9


Dungeon Overview and Level Annotations

Branches:
Dungeon (6/15)
 Temple: D:4-7

Altars:
Gozag
Ru
Zin
The Shining One

Shops:
D:1 (   D:2 !?


Innate Abilities, Weirdness & Mutations

You have a pair of small horns on your head.
Your muscles are strong. (Str +4, Int/Dex -1)
Your spells are a little harder to cast, but a little more powerful.


Message History

The ufetubus slips past you! The ufetubus closely misses you.
The ufetubus hits you but does no damage.
You hit the ufetubus.
The ufetubus is severely wounded.
The ufetubus barely misses you. x2
The ufetubus hits you but does no damage.
The ufetubus barely misses you.
The orc priest mumbles some strange prayers to Beogh against you.
Beogh smites you! You block the ufetubus's attack.
The ufetubus closely misses you. The ufetubus barely misses you.
The ufetubus misses you.
The ufetubus hits you but does no damage.
The ufetubus closely misses you.
A frilled lizard comes into view.
The frilled lizard hisses angrily.
The orc warrior attacks as it pursues you!
The orc warrior closely misses you.
The ufetubus hits you but does no damage. x2
The orc warrior attacks as it pursues you!
The orc warrior barely misses you.
The orc warrior attacks as it pursues you!
The orc warrior hits you with a +0 mace!
The ufetubus attacks as it pursues you! The ufetubus hits you.
* * * LOW HITPOINT WARNING * * *
The ufetubus hits you.
* * * LOW HITPOINT WARNING * * *
The ufetubus slips past you! You block the ufetubus's attack.
The ufetubus completely misses you.
The ufetubus hits you but does no damage.
You block the ufetubus's attack.
The orc warrior attacks as it pursues you!
The orc warrior hits you with a +0 mace!
* * * LOW HITPOINT WARNING * * *
The ufetubus barely misses you. You block the ufetubus's attack.
The ufetubus misses you. x2
The ufetubus attacks as it pursues you! The ufetubus barely misses you.
The ufetubus completely misses you. The frilled lizard barely misses you.
The orc priest calls down the wrath of Beogh upon you.
Beogh smites you!
You die...

#......## #.......# ##......#
#......# ###......# #......(##
####..#...#####
###.##..#.....#.##
##..........@.....#
#####........#.l5o....# ####
...##........#....#..####..##
..................#...#.....#
................o...........#
.......#.....o.............##
......###.........#..#..)...##
..............#...#.######...#
...............#.....[..>...##


You could see an orc warrior, an orc priest, an orc wizard, an ufetubus and a
frilled lizard.

Vanquished Creatures
  A water moccasin (D:6)
  3 ogres
  2 phantoms
  A kobold brigand (D:4)
  A bullfrog (D:5)
  2 scorpions
  A jelly (D:4)
  5 hounds
  A gnoll bouda (D:5)
  2 orc priests
  4 iguanas
  3 orc wizards
  4 gnolls (D:5)
  13 adders
  2 shadow imps
  3 ufetubi
  13 orcs
  8 bats
  6 endoplasms
  3 giant cockroaches
  10 goblins
  7 hobgoblins
  2 jackals (D:5)
  8 quokkas
  13 ball pythons
  10 frilled lizards
  10 kobolds
  5 rats
143 creatures vanquished.

Vanquished Creatures (others)
  An orc wizard (D:3)
1 creature vanquished.

Grand Total: 144 creatures vanquished

Notes
Turn   | Place    | Note
-------+----------+-------------------------------------------
     0 | D:1      | wolfy7 the Hill Orc Fighter began the quest for the Orb.
     0 | D:1      | Reached XP level 1. HP: 19/19 MP: 1/1
    94 | D:1      | Reached XP level 2. HP: 27/27 MP: 2/2
   124 | D:1      | Reached skill level 3 in Axes
   423 | D:1      | Reached XP level 3. HP: 30/33 MP: 3/3
   451 | D:1      | Found Deexacae's Weapon Boutique.
  1016 | D:1      | Reached XP level 4. HP: 40/40 MP: 4/4
  1256 | D:2      | Reached skill level 4 in Axes
  1411 | D:2      | Found Xenaskil's Distillery.
  1419 | D:2      | Bought a potion of degeneration for 12 gold pieces
  1419 | D:2      | Bought a potion of curing for 36 gold pieces
  1425 | D:2      | Found Uzenewne's Magic Scroll Boutique.
  1434 | D:2      | Bought a scroll of noise for 10 gold pieces
  1753 | D:2      | Reached XP level 5. HP: 41/47 MP: 5/5
  1808 | D:3      | Reached skill level 1 in Dodging
  1865 | D:3      | Found an opulent altar of Gozag.
  1906 | D:3      | Found a glowing golden altar of the Shining One.
  1921 | D:3      | Reached skill level 1 in Stealth
  2142 | D:3      | Found a glowing silver altar of Zin.
  2404 | D:3      | Found a faded altar of an unknown god.
  2613 | D:3      | Became a worshipper of the Shining One
  2630 | D:4      | Identified the "Zuosaffoabe"
  2688 | D:4      | Noticed an ogre
  2852 | D:4      | Reached XP level 6. HP: 28/53 MP: 6/6
  3096 | D:4      | Found a sacrificial altar of Ru.
  3446 | D:3      | Gained mutation: Your muscles are strong. (Str +4, Int/Dex
                  | -1) [potion of mutation]
  3446 | D:3      | Gained mutation: Your spells are a little harder to cast,
                  | but a little more powerful. [potion of mutation]
  3446 | D:3      | Gained mutation: You have a pair of small horns on your
                  | head. [potion of mutation]
  3998 | D:4      | Found the +7 Throatcutter {drain, coup de grace}
  4007 | D:4      | Reached skill level 5 in Axes
  4013 | D:4      | Reached XP level 7. HP: 58/60 MP: 7/7
  4110 | D:5      | Entered Level 5 of the Dungeon
  4141 | D:4      | Reached skill level 5 in Fighting
  4238 | D:5      | Reached skill level 5 in Armour
  4551 | D:5      | Reached * piety under the Shining One
  4659 | D:5      | Reached XP level 8. HP: 58/68 MP: 8/8
  4662 | D:5      | Reached skill level 6 in Axes
  4662 | D:5      | Reached skill level 5 in Shields
  6122 | D:6      | Reached skill level 7 in Axes
  6363 | D:6      | Killed from afar by an orc priest

Illustrated notes

Levels and vault maps discovered:
D:1:      spicycebolla_green_bress_n_ham, layout_loops_ring, serial_shops,
          shop_statue, minmay_misc_feat_secret_circle
D:2:      layout_rooms, serial_shops, shop, shop
D:3:      layout_loops_ring, grunt_gozag_statues, zin_treasury,
          mainiacjoe_overflow_24_doors, ebering_ecumenical_altar_hall,
          minivault_23
D:4:      nicolae_BIG_FREAKIN_CUBE, layout_rooms, kennysheep_mini,
          dilly_guarded_unrand_throatcut
D:5:      minmay_angry_zag, layout_layer_cave, st_stairs_5
D:6:      layout_cave_pools, mainiacjoe_overflow_brackets, minmay_lizard_king

Skill      XL: |  1  2  3  4  5  6  7  8 |
---------------+-------------------------+-----
Fighting       | 4 5 6 |  6.0
Axes           | 3 4 5 7 |  7.3
Armour         | 4 5 |  5.1
Dodging        | 1 2 3 |  3.7
Stealth        | 1 2 3 |  3.9
Shields        | 4 5 |  5.0
Shapeshifting  | |  0.9

Action                     |  1- 3 |  4- 6 |  7- 9 || total
---------------------------+-------+-------+-------++-------
  Melee: War axe           |   151 |   177 |   146 ||   474
         Headbutt          |       |     3 |    29 ||    32
    Use: Scroll            |       |     5 |     3 ||     8
         Potion            |       |     2 |     1 ||     3
 Armour: Scale mail        |   125 |   144 |    59 ||   328
         Leather armour    |       |       |    83 ||    83
  Dodge: Dodged            |    95 |    71 |   126 ||   292
  Block: Buckler           |    40 |    38 |    51 ||   129

Table legend: (Time is in decaauts)
 A = Elapsed time spent in this place.
 B = Non-inter-level travel time spent in this place.
 C = Inter-level travel time spent in this place.
 D = Time resting spent in this place.
 E = Time spent auto-exploring this place.
 F = Levels seen in this place.
 G = Mean time per level.
                   A        B        C        D        E       F      G
               +--------+--------+--------+--------+--------+-----+--------+
         Total |   6522 |   5955 |    567 |   1372 |   3128 |   6 | 1087.0 |
       Dungeon |   6522 |   5955 |    567 |   1372 |   3128 |   6 | 1087.0 |
               +--------+--------+--------+--------+--------+-----+--------+

Top non-repeatable levels by time:
     D:5: 1777 daAuts
     D:3: 1421 daAuts
     D:1: 1189 daAuts
     D:4: 1157 daAuts
     D:2: 685 daAuts
     D:6: 292 daAuts
